 Dungeon Crawl Stone Soup version 0.16.1-7-g2c6721e (console) character file.

119 Monkaria the Slasher (level 4, 0/40 HPs)
             Began as a Minotaur Skald on Mar 29, 2015.
             Killed from afar by an orc wizard (10 damage)
             ... with a puff of frost
             ... on level 3 of the Dungeon.
             The game lasted 00:04:26 (2432 turns).

Monkaria the Slasher (Minotaur Skald)               Turns: 2432, Time: 00:04:27

Health: 0/40       AC:  7    Str: 17    XL:     4   Next: 74%
Magic:  4/4        EV: 11    Int:  9    God:
Gold:   112        SH:  0    Dex: 10    Spells: 1 memorised, 4 levels left

rFire  . . .     SeeInvis .     a - +0 falchion
rCold  . . .     Clarity  .     b - +0 leather armour
rNeg   . . .     SustAb   .     (no shield)
rPois  .         Gourm    .     (helmet restricted)
rElec  .         Spirit   .     m - +2 cloak
rCorr  .         Warding  .     v - +0 pair of gloves
rMut   .         Stasis   .     (no boots)
MR     .....                    (no amulet)
Stlth  +.........               (no ring)
                                p - ring of invisibility

@: lethally poisoned (0 -> -13), flying, not resistant to hostile enchantments,
very unstealthy
A: retaliatory headbutt, horns 2
a: Evoke Invisibility


You were on level 3 of the Dungeon.
You were not hungry.

You visited 1 branch of the dungeon, and saw 3 of its levels.

You collected 112 gold pieces.

Inventory:

Hand weapons
 a - a +0 falchion (weapon)
 w - a +0 blowgun
Missiles
 q - 16 poisoned needles
Armour
 b - a +0 leather armour (worn)
 m - a +2 cloak (worn)
 v - a +0 pair of gloves (worn)
Jewellery
 p - a ring of invisibility (left hand)
Magical devices
 x - a wand of digging (14)
Scrolls
 f - 2 scrolls of remove curse {unknown}
 h - 2 scrolls of immolation {unknown}
 i - a scroll of magic mapping {unknown}
 l - 2 scrolls of identify {unknown}
 r - a scroll of teleportation {unknown}
 t - a scroll of recharging {unknown}
 u - a scroll of random uselessness {unknown}
Potions
 e - a potion of degeneration
 o - a potion of ambrosia
Books
 c - a book of Battle

   Spells                             Type                      Level
   a - Infusion                       Charms                       1
   b - Shroud of Golubria             Charms/Translocation         2
   c - Song of Slaying                Charms                       2
   d - Spectral Weapon                Hexes/Charms                 3
   e - Regeneration                   Charms/Necromancy            3
Comestibles
 d - 2 bread rations
 g - a slice of pizza
 n - a meat ration


   Skills:
 + Level 4.1 Fighting
 * Level 5.0 Long Blades
 - Level 1.2 Armour
 - Level 1.1 Dodging
 - Level 1.3 Spellcasting
 - Level 2.0 Charms


You had 4 spell levels left.
You knew the following spells:

 Your Spells              Type           Power        Failure   Level  Hunger
a - Infusion              Chrm           #.....       21%         1    ##.....


Dungeon Overview and Level Annotations

Branches:
Dungeon (3/15)

Altars:
Xom


Innate Abilities, Weirdness & Mutations

You reflexively headbutt those who attack you in melee.
You have a pair of horns on your head.


Message History

You hit something. Something hits you but does no damage.
Something hits you but does no damage. The orc barely misses you.
You barely miss something. Your headbutt misses something.
You feel sick. Something hits you but does no damage.
The orc closely misses you.
You closely miss something. Something hits you but does no damage.
Something hits you. The orc barely misses you.
Unknown command.
You barely miss something. Something hits you but does no damage.
You barely miss something. Your headbutt misses something.
You feel sick.
You hear some strange, mumbled words.
The puff of flame misses you. The orc closely misses you.
Something hits you but does no damage.
Unknown command.
You barely miss something. Something hits you but does no damage.
The orc hits you from afar with a trident of venom.
* * * LOW HITPOINT WARNING * * *
You are lethally poisoned!
You hear some strange, mumbled words.
The puff of frost hits you!
You die...

#.###.##.# #..##.##.#
#.#...##.# #..#####.#
#..# #.# #..#####.# # #
# #........# .#(.#
####...###########....#
................@)o..#
.........#########o.##
.###..##.# .... .#
#.###.# ##.. .# #...#.#
. .# ###.#.# .# #.#.#
.#####.#.# .........#


You could see 2 orcs.

Vanquished Creatures
  3 gnolls (D:2)
  4 adders
  2 giant geckos
  An orc (D:3)
  8 goblins
  5 hobgoblins
  2 quokkas (D:2)
  6 bats
  A giant gecko skeleton (D:3)
  6 giant newts
  3 kobolds (D:3)
  21 rats
62 creatures vanquished.

Notes
Turn   | Place    | Note
--------------------------------------------------------------
     0 | D:1      | Monkaria, the Minotaur Skald, began the quest for the Orb.
     0 | D:1      | Reached XP level 1. HP: 18/18 MP: 2/2
   155 | D:1      | Reached skill level 3 in Long Blades
   163 | D:1      | Reached XP level 2. HP: 19/25 MP: 2/2
  1141 | D:2      | Reached XP level 3. HP: 25/31 MP: 3/3
  1563 | D:2      | Found a shimmering altar of Xom.
  1664 | D:2      | Reached skill level 4 in Long Blades
  1665 | D:2      | Reached XP level 4. HP: 19/40 MP: 4/4
  2251 | D:3      | Reached skill level 5 in Long Blades
  2432 | D:3      | Killed from afar by an orc wizard

Action                   |  1- 3 |  4- 6 || total
-------------------------+-------+-------++-------
Melee: Falchion          |   111 |    54 ||   165
  Use: Potion            |       |     5 ||     5
  Eat: Chunk             |     1 |     4 ||     5
